[Event "Live Chess"]
[Site "Chess.com"]
[Date "2024.06.02"]
[Round "-"]
[White "Cruiseylee78"]
[Black "booktrunk"]
[Result "1-0"]
[WhiteElo "1693"]
[BlackElo "1511"]
[TimeControl "300"]
[EndTime "19:33:02 PDT"]
[Termination "Cruiseylee78 won by resignation"]

1. d4 b6 2. Bf4 Bb7 3. Nf3 e6 4. e3 h6 5. Nbd2 Nf6 6. Bd3 Nh5 7. Bg3 Nxg3 8. hxg3 Be7 9. c3 d6 10. Qc2 Nd7 11.
a3 c5 12. O-O-O cxd4 13. exd4 Bf6 14. Be4 d5 15. Bd3 Rc8 16. Kb1 Nb8 17. Ne5 Nc6 18. Nef3 Nxd4 19. Nxd4 Bxd4 20. Qa4+ Bc6 21. Qxd4 f6 22.
Qg4 Kf8 23. Qxe6 Bb7 24. Nf3 Rc6 25. Qg4 Bc8 26. Qh5 Qd6 27. Rde1 Bd7 28. Nh4 1-0

[Event "Live Chess"]
[Site "Chess.com"]
[Date "2024.06.02"]
[Round "-"]
[White "Dhaydon19"]
[Black "NeilDruggan73"]
[Result "1-0"]
[WhiteElo "2683"]
[BlackElo "1787"]
[TimeControl "300"]
[EndTime "19:33:17 PDT"]
[Termination "Dhaydon19 won by checkmate"]

1. e4 d6 2. d4 Nf6 3. Nc3 g6 4. Bc4 Bg7 5. Qe2 O-O 6. Nf3 c6 7. e5 Nh5 8. h3 dxe5 9. dxe5 b5 10.
Bb3 Bh8 11. Bh6 Ng7 12. Rd1 Qc7 13. Ne4 Nd7 14. e6 fxe6 15. O-O Rf5 16. Ng3 a5 17. Nxf5 gxf5 18. Qxe6+ Nxe6 19. Bxe6# 1-0

[Event "Live Chess"]
[Site "Chess.com"]
[Date "2024.06.02"]
[Round "-"]
[White "MagnersCarlsberg2870"]
[Black "Aleshenka"]
[Result "0-1"]
[WhiteElo "1807"]
[BlackElo "2430"]
[TimeControl "300"]
[EndTime "19:35:16 PDT"]
[Termination "Aleshenka won by resignation"]

1. d4 d5 2. e3 Nf6 3. Bd3 c6 4. Nd2 Bg4 5. f3 Bh5 6. Ne2 Bg6 7. O-O Bxd3 8. cxd3 e6 9. e4 Be7 10. Qb3 Qb6 11.
Qd1 O-O 12. e5 Nfd7 13. f4 c5 14. Nf3 Nc6 15. Ng5 h6 16. Nf3 cxd4 17. Ng3 f6 18.
Nh5 fxe5 19. Nxe5 Ndxe5 20. fxe5 Rxf1+ 21. Qxf1 Nxe5 22. Qe2 Nf7 23. Qg4 Bf8 24. Qg6 e5 25. Qg3 Qe6 26. Bd2 e4 27. Rf1 e3 28. Be1 Ng5 29.
h4 Bd6 30. Nf4 Bxf4 31. Qxf4 Nh7 32. Qxd4 Nf6 33. Bg3 e2 34. Re1 Re8 35. Qxa7 Ng4 36. Qxb7 Qe3+ 37. Kh1 Qxg3 0-1

[Event "Live Chess"]
[Site "Chess.com"]
[Date "2024.06.02"]
[Round "-"]
[White "RafaelRony"]
[Black "CheckThis4"]
[Result "0-1"]
[WhiteElo "1064"]
[BlackElo "2693"]
[TimeControl "300"]
[EndTime "19:36:33 PDT"]
[Termination "CheckThis4 won by resignation"]

1. d4 Nf6 2. c4 g6 3. Nf3 Bg7 4. Nc3 d5 5. cxd5 Nxd5 6. e4 Nxc3 7. bxc3 c5 8. Bc4 O-O 9. e5 Qc7 10. Qb3 Nc6 11. Be3 cxd4 12. cxd4 Na5 13. Bxf7+ Rxf7 14. Qd3 Bf5 15. Qd2 Nc4 16. Qe2 Nxe3 17. Qxe3 Qa5+ 18. Nd2 Rc8 19. O-O Be6 20. a3 Rc3 21. Qe2 Bd5 22. e6 Rf6 23. Rfe1 Rxe6 24. Qg4 Rxe1+ 25.
Rxe1 e6 26. Qf4 Rc8 27. Qd6 Qxd2 28. Rf1 Bxd4 0-1

[Event "Live Chess"]
[Site "Chess.com"]
[Date "2024.06.02"]
[Round "-"]
[White "NeilDruggan73"]
[Black "MagnersCarlsberg2870"]
[Result "0-1"]
[WhiteElo "1779"]
[BlackElo "1815"]
[TimeControl "300"]
[EndTime "19:37:49 PDT"]
[Termination "MagnersCarlsberg2870 won by checkmate"]

1. d4 Nf6 2. Bg5 d5 3. Bxf6 exf6 4. e3 c5 5. dxc5 Bxc5 6. g3 Qb6 7. b3 O-O 8. Ne2 Re8 9. Bg2 Bg4 10. O-O Bxe3 11.
Qxd5 Bxf2+ 12. Rxf2 Rxe2 13. Nc3 Qxf2+ 14. Kh1 Re1+ 15. Rxe1 Qxe1+ 16. Bf1 Qxf1# 0-1

[Event "Live Chess"]
[Site "Chess.com"]
[Date "2024.06.02"]
[Round "-"]
[White "KeithArkell"]
[Black "ShanthamGrarks"]
[Result "1-0"]
[WhiteElo "2432"]
[BlackElo "1895"]
[TimeControl "300"]
[EndTime "19:39:13 PDT"]
[Termination "KeithArkell won by resignation"]

1. d4 g6 2. Nf3 Bg7 3. c4 Nf6 4. Nc3 d6 5. g3 O-O 6. Bg2 Nbd7 7. d5 Re8 8. O-O a6 9. Be3 Nf8 10. h3 e6 11. dxe6 Bxe6 12. b3 Nh5 13. Qd2 Qd7 14.
Kh2 Nf6 15. Rad1 Rad8 16. Ng5 Nh5 17. Nxe6 Nxe6 18. Bxb7 c6 19. Bxa6 Ra8 20. Qxd6 Qxd6 21.
Rxd6 Rxa6 22. Ne4 Nf6 23. Nxf6+ Bxf6 24. a4 Bg7 25. Rfd1 h5 26. a5 Rxa5 27. Rxc6 Ra2 28. Re1 Bd4 29. Bxd4 Nxd4 30. Rd6 Rexe2 31. Rxe2 Nxe2 32.
b4 Nc3 33. Rf6 Kg7 34. Rf4 Rb2 35. b5 Nxb5 36. cxb5 Rxb5 37. Kg2 g5 38. Rc4 Kg6 39.
Rc6+ f6 40. Rc4 Re5 41. h4 g4 42. Kf1 Ra5 43. Rc8 Ra1+ 44. Kg2 Ra2 45. Rg8+ Kf5 46. Re8 Ra3 47. Kf1 Ra1+ 48. Ke2 Ra2+ 49. Ke3 Ra3+ 50. Ke2 Ra2+ 51. Kf1 Ra1+ 52. Kg2 Ra2 53. Rc8 Rb2 54.
Rc5+ Kg6 55. Kf1 Ra2 56. Ke1 Ra1+ 57. Kd2 Ra2+ 58. Ke3 Ra3+ 59. Ke4 Ra2 60. Ke3 Ra3+ 61. Kd2 Ra2+ 62. Rc2 Ra3 63. Rc3 Ra2+ 64. Ke3 Rb2 65. f3 gxf3 66. Kxf3 Rb5 67. Rc4 Rf5+ 68. Rf4 Ra5 69.
Re4 Rf5+ 70. Ke3 Ra5 71. Rd4 Ra3+ 72. Kf4 Ra2 73. Rd8 Ra4+ 74. Ke3 Ra3+ 75. Ke4 Ra4+ 76. Rd4 Ra3 77. Kf4 Ra5 78. Re4 Rf5+ 79. Ke3 Rf1 80.
Rc4 Re1+ 81. Kf2 Re5 82. Rc8 Rf5+ 83. Kg2 Rb5 84. Rg8+ Kf5 85. Kh3 Rb4 86. Rg7 Rc4 87. Rg8 Rd4 88. Rh8 Kg6 89. Re8 Rg4 90. Rg8+ Kf5 91. Rxg4 hxg4+ 92. Kg2 Kg6 93. Kf2 f5 94. Ke3 Kf6 95. Kf4 Kg6 96. Ke5 f4 97. Kxf4 Kh5 98.
Kf5 Kh6 99. Kxg4 1-0

[Event "Live Chess"]
[Site "Chess.com"]
[Date "2024.06.02"]
[Round "-"]
[White "KGreenGator"]
[Black "IgorSchukin"]
[Result "0-1"]
[WhiteElo "1781"]
[BlackElo "1771"]
[TimeControl "300"]
[EndTime "19:40:11 PDT"]
[Termination "IgorSchukin won by checkmate"]

1. c4 Nf6 2. d4 e6 3. Nc3 d5 4. e3 Bb4 5. Bd2 Bxc3 6. Bxc3 O-O 7. Bb4 Re8 8. Nf3 b6 9. c5 Ba6 10. Bxa6 Nxa6 11. Ba3 bxc5 12. dxc5 c6 13. Qa4 Qc8 14. Ne5 Nb8 15. O-O Nfd7 16. Nd3 e5 17. e4 Nf6 18.
exd5 cxd5 19. Rfe1 e4 20. Nf4 Qc6 21. Qxc6 Nxc6 22.
b3 a5 23. Bb2 d4 24. Rad1 Rad8 25. a3 g5 26. Ne2 d3 27. Ng3 Nd7 28. Rxe4 Nxc5 29.
Rxe8+ Rxe8 30. Nh5 Re2 31. Bc3 Rc2 32. Bf6 Nxb3 33.
Bxg5 d2 34. Kf1 Ncd4 35. Bxd2 Rxd2 36. Rxd2 Nxd2+ 37. Ke1 Nc4 38. a4 Nb2 39. Nf6+ Kg7 40. Nd5 Nxa4 41. Ne3 Nb6 42. Nd1 Kf6 43. Nb2 Ke5 44.
Kd2 Kd5 45. Ke3 Nc4+ 46. Nxc4 Kxc4 47. Kf4 a4 48. Ke5 a3 49. Kf6 a2 50. Kxf7 a1=Q 51.
Kg7 Qb2 52. Kxh7 Qxf2 53. h4 Qxg2 54. h5 Nf5 55. h6 Qh3 56. Kg6 Nxh6 57. Kh7 Nf5+ 58.
Kg8 Kd5 59. Kf7 Qh7+ 60. Kf6 Nd6 61. Kg5 Qg7+ 62. Kf4 Qf6+ 63. Ke3 Qd4+ 64. Kf3 Qe4+ 65. Kf2 Kd4 66. Kg3 Nf5+ 67. Kh2 Qh4+ 68. Kg2 Qg3+ 69. Kf1 Ne3+ 70. Ke2 Qg2+ 71. Ke1 Qf1+ 72. Kd2 Qd1# 0-1

[Event "Live Chess"]
[Site "Chess.com"]
[Date "2024.06.02"]
[Round "-"]
[White "MagnersCarlsberg2870"]
[Black "Mikhail_Golubev"]
[Result "0-1"]
[WhiteElo "1815"]
[BlackElo "2553"]
[TimeControl "300"]
[EndTime "19:40:12 PDT"]
[Termination "Mikhail_Golubev won by resignation"]

1. d4 g6 2. c4 Bg7 3. Nc3 d6 4.
e4 Nc6 5. Be3 e5 6. d5 Nd4 7.
Nce2 c5 8. f4 exf4 9. Bxd4 cxd4 10. Nxd4 Qa5+ 11. Kf2 Qb6 12. Nf3 Bg4 13. Be2 Bxf3 0-1

[Event "Live Chess"]
[Site "Chess.com"]
[Date "2024.06.02"]
[Round "-"]
[White "CarmelJane"]
[Black "Dhaydon19"]
[Result "0-1"]
[WhiteElo "2049"]
[BlackElo "2683"]
[TimeControl "300"]
[EndTime "19:42:33 PDT"]
[Termination "Dhaydon19 won by resignation"]

1. Nf3 d5 2. g3 Nf6 3. Bg2 b6 4. O-O Bb7 5. d3 Nbd7 6. c3 e6 7. Re1 Be7 8. Nbd2 O-O 9. e4 dxe4 10. dxe4 Nc5 11. e5 Nd5 12. Nb3 a5 13. Nbd4 Ba6 14. Nc6 Qe8 15. Nxe7+ Qxe7 16. Nd4 Nd3 17. Bxd5 exd5 18. Re3 Nc5 19. Nf5 Qe6 20. Qg4 g6 21.
Nh6+ Kg7 22. Qh4 Bb7 23. Ng4 h5 24. Nf6 Ne4 25. Rxe4 dxe4 26. Qg5 Rh8 27. Be3 Rad8 28. g4 hxg4 29. Nxg4 Qf5 30. e6 Qxe6 31. Bd4+ Rxd4 32. cxd4 Rh5 33. Qf4 Rf5 34. Qe3 Rh5 35. Qg3 Rg5 36. h3 Qd6 37. Qxd6 cxd6 38. Kh2 f5 39. Ne3 Rh5 40.
Nc4 f4 41. Nxd6 Bd5 42. Rc1 Kf6 43. Ne8+ Ke7 44. Nc7 Bxa2 45. Re1 Kd6 46. Ne8+ Kd5 47. Nf6+ Kxd4 48. Rxe4+ Kd3 49. Rxf4 Rf5 50. Rxf5 gxf5 51.
h4 Kc2 52. h5 Bf7 53. h6 Bg6 54. h7 Bxh7 55. Nxh7 Kxb2 56. Nf8 a4 57. Nd7 a3 58.
Nxb6 a2 59. Nc4+ Kb3 60. Nd2+ Kc3 61. Nf3 a1=Q 62. Kg3 Qc1 63. Nh4 Qg5+ 64. Kh3 Qg4+ 0-1

[Event "Live Chess"]
[Site "Chess.com"]
[Date "2024.06.02"]
[Round "-"]
[White "Mangoalo"]
[Black "NeilDruggan73"]
[Result "0-1"]
[WhiteElo "1069"]
[BlackElo "1779"]
[TimeControl "300"]
[EndTime "19:43:06 PDT"]
[Termination "NeilDruggan73 won by resignation"]

1. e4 d6 2. Nf3 Nf6 3. Nc3 g6 4. d3 Bg7 5. Bg5 O-O 6. Be2 h6 7. Bxf6 exf6 8. O-O b6 9. Qd2 Bb7 10. Rfe1 Kh7 11. Rad1 Nd7 12. d4 Re8 13. Bd3 a6 14. Nh4 b5 15. e5 f5 16. Nxf5 gxf5 17. Bxf5+ Kh8 18. Qf4 Nf8 19. Re3 Ne6 20. Bxe6 Rxe6 21.
Rg3 Qe8 22. Re1 c5 23. d5 Bxe5 24. Rxe5 dxe5 25. Qe3 Rg6 26. Rh3 Kh7 27. Qe4 Rd8 28. g4 b4 29. g5 bxc3 30. Rxh6+ Kg7 31. Rxg6+ fxg6 32. bxc3 Rxd5 33. Kg2 Rd7 34. Qxb7 Rxb7 0-1

[Event "Live Chess"]
[Site "Chess.com"]
[Date "2024.06.02"]
[Round "-"]
[White "grillage"]
[Black "RafaelRony"]
[Result "1-0"]
[WhiteElo "1854"]
[BlackElo "1064"]
[TimeControl "300"]
[EndTime "19:44:53 PDT"]
[Termination "grillage won by resignation"]

1. d4 d5 2. Nf3 Nf6 3. c4 e6 4. cxd5 exd5 5. Nc3 Be7 6. Bg5 O-O 7. e3 h6 8. Bh4 c6 9. Qc2 Nbd7 10. Bd3 b6 11.
O-O Bb7 12. Rac1 Rc8 13. Qa4 a5 14. Bg3 Re8 15. Ne2 Nf8 16. Ne5 Ng6 17. Nxc6 Bxc6 18. Rxc6 Qd7 19. Bb5 Qb7 20. Rfc1 Red8 21. h3 Ne4 22.
Bc7 Re8 23. Bxb6 Rxc6 24. Rxc6 Rb8 25. Qxa5 Bf8 26. a4 Ne7 27. Bc7 Nxc6 28. Bxc6 Qxb2 29.
Bxb8 Qxe2 30. Bg3 Qe1+ 31. Kh2 Nxg3 32. fxg3 Bd6 33. Qxe1 1-0

[Event "Live Chess"]
[Site "Chess.com"]
[Date "2024.06.02"]
[Round "-"]
[White "ShanthamGrarks"]
[Black "booktrunk"]
[Result "1-0"]
[WhiteElo "1897"]
[BlackElo "1509"]
[TimeControl "300"]
[EndTime "19:45:53 PDT"]
[Termination "ShanthamGrarks won by resignation"]

1. d4 b6 2. Nc3 Bb7 3. e4 e6 4. Bd3 h6 5. Nf3 Nf6 6. h3 Bb4 7. Qe2 Bxc3+ 8. bxc3 d6 9. O-O Nbd7 10. c4 Qe7 11.
Ba3 O-O 12. e5 Rfe8 13. exf6 Qxf6 14. Bb2 e5 15. d5 c6 16. dxc6 Bxc6 17. Nd2 Qg5 18.
f3 Nc5 19. Ne4 Nxe4 20. Bxe4 Bxe4 21. Qxe4 Rac8 22. Ba3 Qd2 23. Rad1 Qc3 24. Rd3 Qxc2 25. Bxd6 Qxa2 26. c5 bxc5 27. Rc1 Red8 28. Qxe5 c4 29. Rdc3 Re8 30. Qd5 Rcd8 31. Qc6 Re2 32. f4 Rde8 33.
R3c2 Re1+ 34. Kh2 Rd1 35. Qxe8+ 1-0

[Event "Live Chess"]
[Site "Chess.com"]
[Date "2024.06.02"]
[Round "-"]
[White "KeithArkell"]
[Black "MagnersCarlsberg2870"]
[Result "1-0"]
[WhiteElo "2432"]
[BlackElo "1815"]
[TimeControl "300"]
[EndTime "19:47:17 PDT"]
[Termination "KeithArkell won on time"]

1. d4 Nf6 2. Nf3 b6 3. c4 Bb7 4. Nc3 Bxf3 5. exf3 e6 6. d5 Bb4 7. Bd2 O-O 8. Be2 d6 9. dxe6 fxe6 10. O-O Nbd7 11. f4 e5 12. Bf3 Rb8 13. Nd5 Bxd2 14. Qxd2 e4 15. Nxf6+ Nxf6 16. Bxe4 Re8 17. Bf3 Qc8 18.
Rfe1 Qf5 19. g3 Kh8 20. Rad1 a5 21. b3 h5 22. h4 Nd7 23. Bc6 Rbd8 24. Qd5 Qxd5 25. cxd5 Rxe1+ 26. Rxe1 Nc5 27. Re7 Rc8 28. Kg2 Kh7 29. Kf3 Kg6 30. Re8 Rxe8 31. Bxe8+ Kf5 32. Bxh5 Nd3 33. a3 Nc1 34. b4 axb4 35. axb4 Nd3 36. b5 Nb4 37. Bf7 Kf6 38. Be6 Nc2 39. Bd7 Nd4+ 40.
Ke4 Nc2 41. h5 Ne1 42. g4 1-0

[Event "Live Chess"]
[Site "Chess.com"]
[Date "2024.06.02"]
[Round "-"]
[White "IgorSchukin"]
[Black "Mikhail_Golubev"]
[Result "0-1"]
[WhiteElo "1771"]
[BlackElo "2553"]
[TimeControl "300"]
[EndTime "19:47:54 PDT"]
[Termination "Mikhail_Golubev won by resignation"]

1. e4 g6 2. Nf3 Bg7 3. Bc4 e6 4. O-O d5 5. exd5 exd5 6. Bb3 Ne7 7. Re1 O-O 8. d4 Bg4 9. c3 Nf5 10. h3 Bxf3 11. Qxf3 c6 12. Bf4 Na6 13. Bc2 Nd6 14. Bxd6 Qxd6 15. Nd2 Nc7 16. Re2 Ne6 17. Rae1 Bxd4 18.
cxd4 Nxd4 19. Qd3 Nxe2+ 20. Rxe2 Rfe8 21. Ne4 Qe5 22. Ng3 Qxb2 23. Bb3 Rxe2 24. Nxe2 Re8 25. Nf4 Re1+ 26. Kh2 Qxf2 0-1

[Event "Live Chess"]
[Site "Chess.com"]
[Date "2024.06.02"]
[Round "-"]
[White "grillage"]
[Black "Mangoalo"]
[Result "1-0"]
[WhiteElo "1854"]
[BlackElo "1069"]
[TimeControl "300"]
[EndTime "19:48:24 PDT"]
[Termination "grillage won by resignation"]

1. d4 Nf6 2. Nf3 d5 3. c4 dxc4 4. e3 Bg4 5. Bxc4 e6 6. O-O Bb4 7. a3 Bxf3 8. Qxf3 Bd6 9. Nc3 O-O 10. b4 Nbd7 11. Bb2 Re8 12. Rac1 b6 13. Bd3 c5 14. Ne4 Nxe4 15. Bxe4 cxd4 16. Bxa8 dxe3 17. Be4 exf2+ 18. Qxf2 Qe7 19. Bc6 g6 20. Rcd1 Rf8 21. Qd4 e5 22. Qxd6 Qxd6 23. Rxd6 Nf6 24. Rdxf6 1-0

[Event "Live Chess"]
[Site "Chess.com"]
[Date "2024.06.02"]
[Round "-"]
[White "NeilDruggan73"]
[Black "Dhaydon19"]
[Result "0-1"]
[WhiteElo "1779"]
[BlackElo "2683"]
[TimeControl "300"]
[EndTime "19:49:21 PDT"]
[Termination "Dhaydon19 won by resignation"]

1. d4 c6 2. Nf3 Nf6 3. Bg5 d5 4. Bxf6 exf6 5. e3 Bd6 6. Bd3 g6 7. Nbd2 f5 8. g3 Nd7 9. h4 Nf6 10. c3 O-O 11. Qe2 Re8 12. O-O-O h5 13. Qf1 Kg7 14. Qg2 Ne4 15. Bxe4 fxe4 16. Nh2 f5 17. Rde1 Bd7 18. f3 exf3 19. Ndxf3 Qf6 20. Rhf1 Re7 21. Rf2 Rae8 22. Rfe2 c5 23. Nf1 Bb5 24. Rd2 Bxf1 25. Qxf1 Rxe3 26. Rxe3 Rxe3 27. Qf2 Qe7 28. Ne5 Re4 29.
Nf3 f4 30. gxf4 Bxf4 31. Ne5 cxd4 32. cxd4 Qxh4 33. Qxh4 Bxd2+ 34. Kxd2 Rxh4 35. Kd3 Rh3+ 36. Kc2 Rh2+ 37. Kc3 h4 38. Nd3 Rh3 39. Kd2 Rxd3+ 40. Kxd3 h3 0-1

[Event "Live Chess"]
[Site "Chess.com"]
[Date "2024.06.02"]
[Round "-"]
[White "RafaelRony"]
[Black "ShanthamGrarks"]
[Result "0-1"]
[WhiteElo "1064"]
[BlackElo "1897"]
[TimeControl "300"]
[EndTime "19:51:46 PDT"]
[Termination "ShanthamGrarks won by resignation"]

1. e4 e6 2. d4 d5 3. exd5 exd5 4. Nf3 Nf6 5. Be2 Bd6 6. O-O O-O 7. Re1 Bg4 8. h3 Bh5 9. Nbd2 Nbd7 10. c3 c6 11. Qc2 Bg6 12. Bd3 Qc7 13. Bxg6 hxg6 14. Nf1 Rae8 15.
Be3 Ne4 16. N1d2 Ndf6 17. Kh1 Bf4 18. Kg1 Bxe3 19. Rxe3 Qf4 20. Rae1 Nxd2 21. Nxd2 Rxe3 22. Rxe3 g5 23. Rg3 Re8 24. Nf3 Ne4 25. Rg4 Qf6 26.
Qb3 b6 27. Qc2 Re6 28. Nd2 Qxf2+ 29. Kh1 Qxd2 30. Qxd2 0-1

[Event "Live Chess"]
[Site "Chess.com"]
[Date "2024.06.02"]
[Round "-"]
[White "booktrunk"]
[Black "KeithArkell"]
[Result "0-1"]
[WhiteElo "1509"]
[BlackElo "2432"]
[TimeControl "300"]
[EndTime "19:52:12 PDT"]
[Termination "KeithArkell won by resignation"]

1. d4 e6 2. Nc3 d5 3. Nf3 Nf6 4.
e3 Bb4 5. Bd2 b6 6. a3 Bxc3 7.
Bxc3 O-O 8. Bd3 Ba6 9. Bxa6 Nxa6 10. Qd3 Qc8 11. O-O c5 12. dxc5 Nxc5 13. Qe2 Nce4 14.
Bd4 Re8 15. Be5 Ng4 16. Bf4 e5 17. Bg3 Nxg3 18. fxg3 Qc5 19. Rfe1 Rac8 20. Rac1 h6 21. h3 Nf6 22. Nh4 g6 23. Nf3 Ne4 24. Qf2 Nxf2 0-1

[Event "Live Chess"]
[Site "Chess.com"]
[Date "2024.06.02"]
[Round "-"]
[White "Dhaydon19"]
[Black "juniortay"]
[Result "1-0"]
[WhiteElo "2686"]
[BlackElo "2425"]
[TimeControl "300"]
[EndTime "19:52:43 PDT"]
[Termination "Dhaydon19 won by resignation"]

1. d4 Nf6 2. Nf3 g6 3. g3 Bg7 4.
Bg2 O-O 5. O-O d6 6. c3 c6 7. Nbd2 Qa5 8. Re1 Qh5 9. e4 Bg4 10. Nf1 e5 11. Ne3 exd4 12. Nxg4 Qxg4 13. cxd4 d5 14.
e5 Ne4 15. Be3 Nd7 16. Nd2 Nxd2 17. Qxg4 1-0

[Event "Live Chess"]
[Site "Chess.com"]
[Date "2024.06.02"]
[Round "-"]
[White "grillage"]
[Black "educatedlad"]
[Result "1-0"]
[WhiteElo "1860"]
[BlackElo "1738"]
[TimeControl "300"]
[EndTime "19:53:17 PDT"]
[Termination "grillage won by checkmate"]

1. d4 Nf6 2. Nf3 d5 3. c4 g6 4. cxd5 Nxd5 5. e4 Nb6 6. Nc3 Bg7 7. Be3 O-O 8. Be2 Nc6 9. O-O e6 10. Qd2 Qe7 11. Rfd1 Rd8 12. Bg5 f6 13. Be3 e5 14.
d5 Nb8 15. Qc2 c6 16. a4 cxd5 17. exd5 Bf5 18. Bd3 Nxd5 19. Nxd5 Rxd5 20. Bxf5 Rxd1+ 21. Rxd1 gxf5 22. Qxf5 Nc6 23. Rd7 Qe8 24. Qg4 Qf8 25.
Bc5 Qxc5 26. Qxg7# 1-0

[Event "Live Chess"]
[Site "Chess.com"]
[Date "2024.06.02"]
[Round "-"]
[White "MagnersCarlsberg2870"]
[Black "IgorSchukin"]
[Result "1-0"]
[WhiteElo "1822"]
[BlackElo "1764"]
[TimeControl "300"]
[EndTime "19:55:10 PDT"]
[Termination "MagnersCarlsberg2870 won by checkmate"]

1. d4 d5 2. e3 Nf6 3. Bd3 g6 4. Nd2 Bg7 5. Ngf3 O-O 6. Ne5 Nbd7 7. f4 Nxe5 8. fxe5 Bg4 9. Be2 Bxe2 10. Qxe2 Ne4 11.
Nxe4 dxe4 12. h4 h5 13. g4 hxg4 14. h5 gxh5 15. Rxh5 f5 16. Qc4+ Rf7 17. Rxf5 Qf8 18. Bd2 b5 19. Qd5 c6 20. Qb3 Re8 21. O-O-O e6 22.
Rxf7 Qxf7 23. Bb4 Bf8 24. Bxf8 Rxf8 25. Rg1 Qg6 26. a3 Rf3 27. c4 bxc4 28. Qxc4 Rxe3 29. Qxc6 Rd3 30. Qc8+ Kh7 31. Rh1+ Rh3 32. Qd7+ Kh6 33. Rf1 Rf3 34. Rh1+ Kg5 35. Qe7+ Kf4 36. Qf8+ Ke3 37. Qb4 Rf2 38. Qc3+ Kf4 39. Rg1 Qg5 40. Qg3+ Kf5+ 41. Kb1 Qf4 42. Qh4 Rf1+ 43. Rxf1 Qxf1+ 44. Ka2 Qc4+ 45. Kb1 Qxd4 46. Qf6# 1-0

[Event "Live Chess"]
[Site "Chess.com"]
[Date "2024.06.02"]
[Round "-"]
[White "Dhaydon19"]
[Black "grillage"]
[Result "1-0"]
[WhiteElo "2686"]
[BlackElo "1860"]
[TimeControl "300"]
[EndTime "19:59:15 PDT"]
[Termination "Dhaydon19 won by checkmate"]

1. e4 d5 2. exd5 Qxd5 3. Nc3 Qd8 4. Nf3 Nf6 5. Bc4 a6 6. a4 Nc6 7. h3 Bf5 8. d3 e6 9. Be3 Bd6 10. Nh4 Bg6 11. Nxg6 hxg6 12. Qe2 O-O 13. g4 Ne7 14. Bd2 c6 15. a5 Nfd5 16. Ne4 Be5 17. c3 Qc7 18. h4 Nf4 19. Qf3 Rfd8 20. d4 b5 21. dxe5 bxc4 22. Bxf4 Rd3 23. Qe2 Rad8 24. Nd6 Nd5 25.
Bg3 Qb8 26. Nxc4 Ne7 27. Nd6 Rd5 28. h5 g5 29. h6 g6 30. h7+ Kh8 31. Qf3 Qxb2 32.
Qf6# 1-0

[Event "Live Chess"]
[Site "Chess.com"]
[Date "2024.06.02"]
[Round "-"]
[White "ShanthamGrarks"]
[Black "KeithArkell"]
[Result "0-1"]
[WhiteElo "1896"]
[BlackElo "2433"]
[TimeControl "300"]
[EndTime "20:00:04 PDT"]
[Termination "KeithArkell won on time"]

1. d4 e6 2. Nc3 Bb4 3. Bd2 d5 4.
Nf3 Nf6 5. e3 b6 6. a3 Bxc3 7.
Bxc3 O-O 8. Bd3 Ba6 9. O-O Ne4 10. Bxa6 Nxa6 11. Be1 c5 12. c3 Qd7 13. Ne5 Qb7 14.
f3 Nd6 15. Bg3 Nf5 16. Bf2 cxd4 17. exd4 f6 18. Nd3 Nc7 19. g4 Nd6 20. Bg3 Rad8 21. Re1 Rfe8 22. Nf4 Nf7 23. Nh5 Qc6 24. Qd2 h6 25. h4 e5 26. dxe5 Nxe5 27. Bxe5 fxe5 28. g5 Qg6 29. Ng3 hxg5 30. hxg5 Re7 31. Kg2 Rf8 32. Rh1 Rf4 33. c4 Rxc4 34. Rac1 Rxc1 35. Qxc1 Ne6 36. Qc8+ Re8 37. Qd7 Nf4+ 38. Kg1 Rf8 39. Qe7 Qb1+ 40. Nf1 Qxb2 41. Rh8+ Kxh8 42. Qxf8+ Kh7 43.
Qf5+ Kg8 44. Qc8+ Kf7 45. Qf5+ Ke7 46. Qg4 Qd4+ 47. Kh1 Qf2 48. Nh2 Qe1+ 49. Qg1 Qxg1+ 50. Kxg1 Nh3+ 51. Kg2 Nxg5 52. Ng4 Ke6 53. Kg3 d4 54. Nf2 Kf5 55. Nd3 Ne6 0-1

[Event "Live Chess"]
[Site "Chess.com"]
[Date "2024.06.02"]
[Round "-"]
[White "booktrunk"]
[Black "RafaelRony"]
[Result "1-0"]
[WhiteElo "1510"]
[BlackElo "1063"]
[TimeControl "300"]
[EndTime "20:02:30 PDT"]
[Termination "booktrunk won on time"]

1. d4 d5 2. Nc3 Nf6 3. Bf4 c6 4.
Nf3 Nbd7 5. e3 e6 6. Bd3 Be7 7. Ne5 Nxe5 8. Bxe5 Bd6 9. Qf3 Be7 10. O-O O-O 11. Qh3 h6 12. Ne2 Nd7 13. Bf4 Bg5 14. Bxg5 Qxg5 15. f4 Qe7 16. Rf3 Nf6 17.
Rg3 h5 18. Re1 e5 19. Bf5 Bxf5 20. Qxf5 e4 21. Rf1 g6 22. Qh3 Kh7 23. f5 Rg8 24.
fxg6+ fxg6 25. Nf4 Raf8 26. Rg5 Kh6 27. Re5 Qd7 28. Qxd7 Nxd7 29. Re7 Rd8 30. Ne6 Rge8 31. Nxd8 Rxe7 32. Nxb7 Nb6 33. Nc5 Nc4 34. b3 Nxe3 35. Rf2 Rg7 36. Ne6 Nf5 37. Nf4 g5 38. Ne2 Rf7 39. g3 Kg6 40. Kg2 Ne7 41. Rxf7 Kxf7 42. Nc1 Kg6 43. Kf2 Nc8 44. h3 Nb6 45. g4 h4 46. Ke2 Kf6 47. Ke3 Nd7 48. Ne2 1-0

[Event "Live Chess"]
[Site "Chess.com"]
[Date "2024.06.02"]
[Round "-"]
[White "IgorSchukin"]
[Black "juniortay"]
[Result "0-1"]
[WhiteElo "1764"]
[BlackElo "2425"]
[TimeControl "300"]
[EndTime "20:03:38 PDT"]
[Termination "juniortay won on time"]

1. e4 e5 2. Nf3 Nf6 3. Nc3 Nc6 4.
d4 exd4 5. Nxd4 Bb4 6. Nxc6 bxc6 7. Bd3 d6 8. O-O Ng4 9. Bf4 g5 10. Bg3 h5 11. h3 h4 12. Bh2 Nxh2 13. Kxh2 Bc5 14. f4 gxf4 15. Rxf4 Qe7 16. Bc4 Be6 17. Bxe6 fxe6 18. Na4 Qg5 19. Qf3 Bd4 20. Rg4 Be5+ 21. Kh1 Qd2 22. Rf1 O-O-O 23. Qf2 Rhf8 24. Qe1 Qxc2 25. b3 Bg3 26. Qa1 Rf2 27. Rxf2 Qxf2 28. Nc3 Rf8 29. Qg1 Qd2 0-1

[Event "Live Chess"]
[Site "Chess.com"]
[Date "2024.06.02"]
[Round "-"]
[White "GwaryTek"]
[Black "NeilDruggan73"]
[Result "0-1"]
[WhiteElo "1897"]
[BlackElo "1790"]
[TimeControl "300"]
[EndTime "20:04:44 PDT"]
[Termination "NeilDruggan73 won on time"]

1. d4 Nf6 2. c4 g6 3. Nc3 Bg7 4. e4 d6 5. f3 e5 6. d5 O-O 7. Be3 b6 8. Bd3 Nh5 9. Nge2 h6 10. Qd2 Kh7 11. O-O Na6 12. a3 Nc5 13. Bc2 f5 14.
exf5 Bxf5 15. b4 Bxc2 16. bxc5 Be4 17. Nxe4 Nf4 18. c6 g5 19. a4 a5 20. Qc2 Kh8 21.
g3 Nh3+ 22. Kg2 Qc8 23. Nf2 Nxf2 24. Rxf2 Qf5 25. Qxf5 Rxf5 26. Raf1 Raf8 27. Nc3 R5f7 28. Ne4 Kh7 29. Bxg5 hxg5 30. Nxg5+ Kg6 31. Nxf7 Rxf7 32. f4 exf4 33. Rxf4 Re7 34. Rg4+ Kh5 35. Kh3 Be5 36. Rf5+ Kh6 37. Rf8 Kh7 38. Rd8 Kh6 39. Rd7 Re8 40. Rxc7 Bf6 41. Rf7 Bg5 42. c7 Rh8 43.
Rxg5 Kxg5+ 44. Kg2 Rc8 45. Rd7 Kf5 46. h4 Ke5 47. h5 Kd4 48. g4 Kxc4 49. h6 Kxd5 50. h7 Ke6 51. Rg7 Kf6 52. Rg8 Rxc7 53. h8=Q+ Ke6 0-1

[Event "Live Chess"]
[Site "Chess.com"]
[Date "2024.06.02"]
[Round "-"]
[White "MagnersCarlsberg2870"]
[Black "Dhaydon19"]
[Result "0-1"]
[WhiteElo "1822"]
[BlackElo "2686"]
[TimeControl "300"]
[EndTime "20:04:45 PDT"]
[Termination "Dhaydon19 won by resignation"]

1. d4 c6 2. e4 d5 3. f3 dxe4 4. fxe4 e5 5. Nf3 exd4 6. Nxd4 Nf6 7. Bg5 Qa5+ 8. Bd2 Qe5 9. Nf3 Qxe4+ 10. Be2 Be7 11.
O-O O-O 12. Bd3 Qg4 13. Nc3 Nbd7 14. Qe2 Bc5+ 15. Kh1 Re8 16. Qd1 Nf8 17. Ne2 Bf5 18. h3 Qh5 19. Ng3 Qg6 20. Bxf5 Qxg3 21. Be1 Qc7 22.
Ng5 h6 23. Bc3 hxg5 24. Bxf6 gxf6 25. Qh5 Qg3 26. Rad1 Rad8 27. Bd3 Bd6 0-1

[Event "Live Chess"]
[Site "Chess.com"]
[Date "2024.06.02"]
[Round "-"]
[White "IgorSchukin"]
[Black "RafaelRony"]
[Result "1-0"]
[WhiteElo "1764"]
[BlackElo "1063"]
[TimeControl "300"]
[EndTime "20:06:26 PDT"]
[Termination "IgorSchukin won by resignation"]

1. e4 c5 2. a3 d5 3. exd5 Nf6 4. c4 e6 5. dxe6 Bxe6 6. Nc3 Be7 7. d3 O-O 8. g3 Nc6 9. Bg2 Rc8 10.
Nge2 a6 11. O-O Qc7 12. Bf4 Bd6 13. Bxd6 Qxd6 14. Nf4 Bf5 15. Ncd5 Nd4 16. Nxf6+ Qxf6 17. Bxb7 Rb8 18. Nd5 Qg6 19. Ne7+ 1-0